AoeStats
← KOSOVAR

Arabia

510829134Analyzed
1v1 RM · 1d ago on Oct 2, 2026· 52m 2s· 2 players
Game mode
Random Map
Map size
Tiny (2 player)
Population
200
Speed
Normal
Resources
Standard
Victory
Conquest
Starting age
Dark Age
Ending age
Imperial Age
RankedLock teamsTeams togetherTeam positionsShared explorationLock speedFull tech treeHidden civsTurbo modeCheats
Victory
Defeat
🇨🇱 Magyars · Chile
715
+15
🇪🇸 Koreans · Spain
695
-15
KOSOVAR
8:24 Loom
11:21 Feudal Age
12:42 Double-Bit Axe
22:49 Castle Age
22:00 Horse Collar
22:26 Fletching
25:20 Bow Saw
28:46 Wheelbarrow
34:17 Imperial Age
33:16 Ballistics
32:56 Bodkin Arrow
34:15 Murder Holes
34:35 Eupseong
34:02 Elite Skirmisher
35:14 Arrowslits
36:31 Chemistry
37:38 Conscription
38:26 Bracer
42:56 Hand Cart
42:39 Elite Fire Lancer
43:06 Arson
43:22 Squires
47:34 Forging
47:24 Scale Mail Armor
48:45 Pikeman
Magni
14:15 Feudal Age
16:17 Loom
17:21 Bloodlines
22:56 Castle Age
23:06 Double-Bit Axe
25:25 Padded Archer Armor
26:34 Wheelbarrow
26:11 Bow Saw
28:07 Husbandry
29:01 Horse Collar
29:52 Light Cavalry
31:05 Scale Barding Armor
30:51 Fletching
31:39 Hand Cart
35:47 Chain Barding Armor
40:45 Imperial Age
39:05 Gold Mining
39:16 Bodkin Arrow
40:38 Corvinian Army
41:00 Capped Ram
41:52 Elite Magyar Huszar
44:12 Town Watch
45:58 Plate Barding Armor
Connection lost

Rejoining the realm…

Still unreachable

The connection could not be restored.

Session expired

The server has moved on; the page needs a fresh start.